 Dungeon Crawl Stone Soup version 0.29-a0-330-g52719c12eb (webtiles) character file.

Game seed: 13113923312430826651

767 kae the Firebug (level 7, -4/45 HPs)
             Began as an Octopode Fire Elementalist on Apr 18, 2022.
             Was an Initiate of Ashenzari.
             Slain by a steam dragon (9 damage)
             ... on level 5 of the Dungeon.
             The game lasted 00:03:15 (6258 turns).

kae the Firebug (Octopode Fire Elementalist)        Turns: 6258, Time: 00:03:15

Health: -4/45      AC:  1    Str:  7    XL:     7   Next: 82%
Magic:  0/12       EV: 14    Int: 20    God:    Ashenzari [......]
Gold:   164        SH:  0    Dex: 12    Spells: 3/12 levels left

rFire   + + .      SeeInvis .   i - +2 whip (freeze)
rCold   + . .      Faith    .   (no shield)
rNeg    + . .      Spirit   .   (helmet restricted)
rPois   .          Reflect  .   (no amulet)
rElec   .          Harm     .   e - ring of protection from cold
rCorr   .          Rampage  .   o - ring of protection from fire
Will    .....                   p - ring of positive energy
Stlth   ++++......              l - ring of protection from fire
HPRegen 0.15/turn               (no ring)
MPRegen 0.13/turn               (no ring)
                                (no ring)
                                (no ring)

@: no status effects
A: almost no armour, amphibious, 8 rings, camouflage 1, gelatinous body 1,
(nimble swimmer 1), tentacles
a: Renounce Religion


You were on level 5 of the Dungeon.
You worshipped Ashenzari.
Ashenzari was noncommittal.
You visited 2 branches of the dungeon, and saw 7 of its levels.

You collected 179 gold pieces.
You spent 15 gold pieces at shops.

Inventory:

Hand Weapons
 c - a +0 dagger
 i - a +2 whip of freezing (weapon)
 j - a +0 dagger of speed
 w - a +0 quarterstaff of speed
Jewellery
 e - a ring of protection from cold (left tentacle)
 l - a ring of protection from fire (on tentacle)
 o - a ring of protection from fire (right tentacle)
 p - a ring of positive energy (on tentacle)
Scrolls
 n - 3 scrolls of teleportation
 q - 2 scrolls of magic mapping
 r - 2 scrolls of identify
 u - a scroll of torment {unknown}
 v - a scroll of silence
Potions
 a - a potion of magic
 b - 2 potions of degeneration
 d - a potion of resistance
 g - 2 potions of mutation {unknown}
 h - a potion of cancellation {unknown}
 k - a potion of brilliance {unknown}
 m - 4 potions of curing {unknown}
 s - a potion of invisibility {unknown}
 t - a potion of lignification {unknown}


   Skills:
 + Level 2.9 Fighting
 + Level 3.6 Dodging
 + Level 5.0 Stealth
 + Level 3.3 Spellcasting
 + Level 3.1 Conjurations
 * Level 5.5 Fire Magic


You had 3 spell levels left.
You knew the following spells:

 Your Spells              Type           Power      Damage    Failure   Level
a - Foxfire               Conj/Fire      80%        2x1d8     2%          1
b - Scorch                Fire           50%        2d8       2%          2
c - Conjure Flame         Conj/Fire      20%        6-21      7%          3
d - Inner Flame           Hex/Fire       14%        N/A       13%         3

Your spell library contained the following spells:

 Spells                   Type           Power      Damage    Failure   Level
 Animate Skeleton         Necr           6%         N/A       14%         1
 Apportation              Tloc           6%         N/A       14%         1
 Pain                     Necr           12%        1d4       14%         1
 Sting                    Tmut/Pois      12%        1d3       14%         1
 Summon Small Mammal      Summ           12%        N/A       14%         1
 Ensorcelled Hibernation  Hex/Ice        6%         N/A       21%         2
 Poisonous Vapours        Pois/Air       6%         N/A       21%         2
 Call Canine Familiar     Summ           3%         N/A       38%         3
 Spider Form              Tmut/Pois      3%         N/A       38%         3
 Summon Guardian Golem    Hex/Summ       3%         N/A       38%         3
 Vampiric Draining        Necr           3%         2d6       38%         3
 Flame Wave               Conj/Fire      20%        2d7       24%         4
 Anguish                  Hex/Necr       1%         N/A       80%         4
 Olgreb's Toxic Radiance  Pois           3%         N/A       80%         4
 Alistair's Intoxication  Tmut/Pois      2%         N/A       98%         5
 Blade Hands              Tmut           1%         N/A       98%         5
 Iron Shot                Conj/Erth      4%         9d2       100%        6
 Animate Armour           Summ/Erth      Unusable   N/A       N/A         4

Dungeon Overview and Level Annotations

Branches:
Dungeon (6/15)             Temple (1/1) D:5

Altars:
Ashenzari
Cheibriados
Dithmenos
Elyvilon
Fedhas
Gozag
Hepliaklqana
Kikubaaqudgha
Makhleb
Nemelex Xobeh
Okawaru
Qazlal
Ru
Sif Muna
Trog
Uskayaw
Vehumet
Xom
Yredelemnul
Zin
The Shining One

Shops:
D:1 *

Annotations:
D:2 Sigmund
D:3 Robin


Innate Abilities, Weirdness & Mutations

You cannot wear most types of armour.
You are amphibious.
You can wear up to eight rings at the same time.
Your skin changes colour to match your surroundings (Stealth+).
Your rubbery body absorbs attacks. (AC +1, EV +1)
((You are camouflaged when in or above water. (Stealth+)))
You have tentacles for arms and can constrict up to eight enemies at once.


Message History

The adder barely misses you. The steam dragon breathes steam at you.
The ball of steam hits you. You resist. The ball python completely misses you.
The ball python misses you.
Casting: Scorch (safe; 2% risk of failure)
Confirm with . or Enter, or press ? or * to list all spells.
Flames lash the ball python.
You kill the ball python!
The adder bites you but does no damage. The steam dragon bites you.
The steam dragon completely misses you. The adder bites you.
The steam dragon bites you!
* * * LOW HITPOINT WARNING * * *
The steam dragon closely misses you.
You feel much better. The adder misses you. The adder barely misses you.
The steam dragon bites you. The steam dragon claws you.
The adder is no longer more vulnerable to fire.
The steam dragon is no longer more vulnerable to fire.
Casting: Scorch (safe; 2% risk of failure)
Confirm with . or Enter, or press ? or * to list all spells.
Flames lash the steam dragon.
The steam dragon is severely wounded.
The steam dragon's fire resistance burns away.
The adder bites you.
* * * LOW HITPOINT WARNING * * *
The steam dragon breathes steam at you. The ball of steam misses you.
The adder closely misses you. x2; The steam dragon closely misses you.
The steam dragon claws you.
* * * LOW HITPOINT WARNING * * *
Casting: Scorch (safe; 2% risk of failure)
Confirm with . or Enter, or press ? or * to list all spells.
Flames lash the adder.
You kill the adder!
The steam dragon bites you.
* * * LOW HITPOINT WARNING * * *
The steam dragon claws you.
* * * LOW HITPOINT WARNING * * *
The steam dragon is no longer more vulnerable to fire.
The steam dragon bites you!
You die...

.....# #.........#
##########.........#
#...........###
######...........#
.................#
.................#
.......########..#
.......### #D>#
.........# ##@#
.........# #.#
.........# #.#
###......# #.#
#......# #.####
#......# #....#
#......# ####.#
######## #..#.#
#....###


You could see a steam dragon (catching breath).

Vanquished Creatures
  A water moccasin (D:5)
  2 ogres
  A bullfrog (D:6)
  A necrophage (D:4)
  A howler monkey (D:4)
  A jelly (D:4)
  2 hounds (D:5)
  Jessica (D:2)
  Natasha (D:2)
  An iguana (D:5)
  7 adders
  2 ufetubi (D:5)
  2 worms
  2 dart slugs (D:2)
  10 orcs
  3 endoplasms
  3 giant cockroaches
  14 goblins
  7 hobgoblins
  6 kobolds
  6 quokkas
  8 ball pythons
  6 bats (D:1)
  4 frilled lizards
  4 rats
96 creatures vanquished.

Vanquished Creatures (others)
  258 foxfires
258 creatures vanquished.

Grand Total: 354 creatures vanquished

Notes
Turn   | Place    | Note
-------+----------+-------------------------------------------
     0 | D:1      | kae the Octopode Fire Elementalist began the quest for the
                  | Orb.
     0 | D:1      | Reached XP level 1. HP: 11/11 MP: 3/3
   358 | D:1      | Reached XP level 2. HP: 17/17 MP: 3/5
   415 | D:1      | Found Zonlut's Assorted Antiques.
   424 | D:1      | Bought a black potion for 15 gold pieces
  1129 | D:1      | Reached XP level 3. HP: 22/22 MP: 4/6
  1132 | D:1      | Learned a level 2 spell: Scorch
  1136 | D:1      | Learned a level 3 spell: Conjure Flame
  1441 | D:2      | Noticed Jessica
  1449 | D:2      | Killed Jessica
  1450 | D:2      | Reached skill level 1 in Fighting
  1784 | D:2      | Reached XP level 4. HP: 28/28 MP: 4/7
  2383 | D:2      | Noticed Natasha
  2390 | D:2      | Killed Natasha
  2687 | D:2      | Noticed Sigmund
  2978 | D:3      | Reached XP level 5. HP: 33/33 MP: 6/8
  3269 | D:3      | Noticed Robin
  4057 | D:4      | Reached XP level 6. HP: 39/39 MP: 5/10
  4696 | D:5      | Entered Level 5 of the Dungeon
  4739 | D:5      | Learned a level 3 spell: Inner Flame
  4929 | D:5      | Reached XP level 7. HP: 45/45 MP: 8/11
  5055 | D:5      | Found a staircase to the Ecumenical Temple.
  5081 | Temple   | Entered the Ecumenical Temple
  5333 | Temple   | Became a worshipper of Ashenzari the Shackled
  5482 | D:5      | Reached skill level 5 in Fire Magic
  6158 | D:6      | Reached skill level 5 in Stealth
  6176 | D:6      | Noticed a steam dragon
  6258 | D:5      | Slain by a steam dragon

Illustrated notes

Levels and vault maps discovered:
D:1:      scummos_arrival_simple_crosswalls, layout_loops_cross, serial_shops,
          shop
D:2:      layout_loops_cross, uniq_sigmund, uniq_natasha, uniq_jessica
D:3:      layout_rooms, uniq_robin
D:4:      layout_gridville
D:5:      layout_basic, minmay_temple_entry_statues_fountains, st_stairs_1
D:6:      layout_gridville, portal_sewer_entry_a
Temple:   mainiacjoe_temple_archimedes_tessellation

Skill      XL: |  1  2  3  4  5  6  7 |
---------------+----------------------+-----
Stealth        | 3 4 5 |  5.0
Fighting       | 1 2 |  2.9
Fire Magic     | 4 5 |  5.5
Conjurations   | 2 3 |  3.1
Dodging        | 3 |  3.6
Spellcasting   | 3 |  3.3

Action                   |  1- 3 |  4- 6 |  7- 9 || total
-------------------------+-------+-------+-------++-------
Melee: Unarmed           |     5 |       |       ||     5
       Tentacles         |     5 |     2 |       ||     7
       Constrict         |     5 |     4 |     2 ||    11
       Dagger            |    19 |    15 |       ||    34
       Whip              |       |     2 |     2 ||     4
 Cast: Foxfire           |    33 |   104 |    19 ||   156
       Scorch            |       |    14 |    17 ||    31
  Use: Scroll            |       |    11 |       ||    11
       Potion            |       |       |     2 ||     2
 Stab: Sleeping          |     7 |     1 |       ||     8
Armor: Skin              |     1 |       |     2 ||     3
Dodge: Dodged            |    13 |    23 |    28 ||    64

Table legend: (Time is in decaauts)
 A = Elapsed time spent in this place.
 B = Non-inter-level travel time spent in this place.
 C = Inter-level travel time spent in this place.
 D = Time resting spent in this place.
 E = Time spent auto-exploring this place.
 F = Levels seen in this place.
 G = Mean time per level.
                   A        B        C        D        E       F      G
               +--------+--------+--------+--------+--------+-----+--------+
         Total |   6251 |   5951 |    300 |    208 |   4963 |   7 |  893.0 |
       Dungeon |   5956 |   5717 |    239 |    208 |   4748 |   6 |  992.7 |
        Temple |    294 |    234 |     60 |      0 |    215 |   1 |  294.0 |
               +--------+--------+--------+--------+--------+-----+--------+

Top non-repeatable levels by time:
     D:2: 1392 daAuts
     D:1: 1353 daAuts
     D:5: 1221 daAuts
     D:4: 1131 daAuts
     D:3: 809 daAuts
  Temple: 294 daAuts
     D:6: 48 daAuts
